 Dungeon Crawl Stone Soup version 0.29-a0-841-g116ddc6ace (webtiles) character file.

Game seed: 17586885389764005361

54235 nickcage the Destroyer (level 14, -10/96 HPs)
             Began as a Grey Draconian Conjurer on July 13, 2022.
             Was a High Priest of Vehumet.
             Shot with an arrow by a deep elf archer (19 damage)
             ... on level 15 of the Dungeon on July 14, 2022.
             The game lasted 02:35:15 (26509 turns).

nickcage the Destroyer (Grey Draconian Conjurer)   Turns: 26509, Time: 02:35:15

Health: -10/96     AC: 19    Str: 13    XL:     14   Next: 33%
Magic:  27/39      EV: 12    Int: 34    God:    Vehumet [*****.]
Gold:   1329       SH:  5    Dex: 11    Spells: 5/38 levels left

rFire   . . .      SeeInvis .   R - +6 quarterstaff of Xesacw {freeze, rCorr Str+4 Int+5}
rCold   . . .      Faith    .   (shield currently unavailable)
rNeg    . . .      Spirit   .   (body armour unavailable)
rPois   .          Reflect  +   (helmet restricted)
rElec   .          Harm     .   e - +2 cloak
rCorr   +          Rampage  .   (no gloves)
Will    +....                   u - +2 pair of boots
Stlth   ++........              g - amulet of reflection
HPRegen 0.26/turn               B - ring of magical power
MPRegen 0.26/turn               K - +6 ring of intelligence

@: studying Fighting
A: AC +13, amphibious, unfitting armour, cold-blooded
a: Renounce Religion


You were on level 15 of the Dungeon.
You worshipped Vehumet.
Vehumet was extremely pleased with you.
You visited 3 branches of the dungeon, and saw 20 of its levels.

You collected 1329 gold pieces.

Inventory:

Hand Weapons
 q - a +4 rapier
 s - a +4 long sword of freezing
 R - the +6 quarterstaff of Xesacw (weapon) {freeze, rCorr Str+4 Int+5}
   (You took it off an orc on level 11 of the Dungeon)

   It freezes those it strikes, dealing additional cold damage.
   It can also slow down cold-blooded creatures.
   Str:       It affects your strength (+4).
   Int:       It affects your intelligence (+5).
   rCorr:     It protects you from acid and corrosion.
Missiles
 E - a throwing net
Armour
 e - a +2 cloak (worn)
 u - a +2 pair of boots (worn)
Magical Staves
 b - a staff of death
Jewellery
 d - a ring of protection from cold
 g - an amulet of reflection (around neck)
 A - a +4 ring of evasion
 B - a ring of magical power (left hand)
 D - a ring of flight
 I - a ring of fire
 K - a +6 ring of intelligence (right hand)
 N - a ring of resist corrosion
 O - a +4 ring of protection
 S - a +6 ring of strength
Wands
 f - a wand of quicksilver (6)
 i - a wand of flame (10)
 w - a wand of mindburst (21)
 F - a wand of polymorph (13)
 J - a wand of paralysis (8)
 M - a wand of roots (4)
Scrolls
 h - 3 scrolls of teleportation
 j - 2 scrolls of magic mapping
 l - a scroll of noise
 r - 3 scrolls of identify
 y - a scroll of brand weapon
 G - 2 scrolls of enchant armour
 L - a scroll of fear
 P - a scroll of amnesia
 Q - a scroll of poison
 T - a scroll of summoning
Potions
 a - a potion of magic
 c - 11 potions of curing
 k - 6 potions of lignification
 m - 3 potions of berserk rage
 n - a potion of invisibility
 o - 3 potions of flight
 p - 3 potions of mutation
 t - 2 potions of heal wounds
 v - a potion of resistance
 x - 2 potions of might
 C - 3 potions of haste
Miscellaneous
 H - a phantom mirror


   Skills:
 * Level 1.1 Fighting
 - Level 1.7 Dodging
 - Level 1.7 Stealth
 + Level 12.6 Spellcasting
 * Level 14.8 Conjurations
 - Level 5.0 Hexes
 - Level 5.0 Translocations
 * Level 14.4 Ice Magic


You had 5 spell levels left.
You knew the following spells:

 Your Spells              Type           Power      Damage    Failure   Level
a - Magic Dart            Conj           100%       1d8       0%          1
b - Searing Ray           Conj           100%       2d8       0%          2
c - Fulminant Prism       Conj/Hex       36%        3d18      1%          4
d - Iskenderun's Mystic   Conj/Tloc      73%        2d15      1%          4
e - Ozocubu's Armour      Ice            88%        N/A       0%          3
f - Frozen Ramparts       Ice            100%       1d12      0%          3
g - Ozocubu's Refrigerat  Ice            44%        4d13      1%          7
h - Polar Vortex          Ice            44%        N/A       78%         9

Your spell library contained the following spells:

 Spells                   Type           Power      Damage    Failure   Level
 Conjure Ball Lightning   Conj/Air       32%        3x3d10    4%          6
 Slow                     Hex            100%       N/A       1%          1
 Poisonous Vapours        Pois/Air       42%        N/A       1%          2
 Confusing Touch          Hex            54%        N/A       1%          3
 Dazzling Flash           Conj/Hex       100%       N/A       1%          3
 Ignite Poison            Fire/Tmut/Pois 21%        N/A       1%          3
 Mephitic Cloud           Conj/Pois/Air  53%        N/A       1%          3
 Freezing Cloud           Conj/Ice/Air   36%        6-21      1%          5
 Vampiric Draining        Necr           21%        2d7       6%          3
 Corpse Rot               Necr/Pois/Air  21%        N/A       21%         4
 Alistair's Intoxication  Tmut/Pois      14%        N/A       50%         5
 Borgnjor's Vile Clutch   Necr/Erth      10%        N/A       50%         5
 Simulacrum               Ice/Necr       31%        N/A       16%         6
 Eringya's Noxious Bog    Tmut/Pois      10%        N/A       58%         6


Dungeon Overview and Level Annotations

Branches:
Dungeon (12/15)            Temple (1/1) D:4            Lair (6/6) D:10
 Shoals (0/4) Lair:2        Snake (0/4) Lair:4        Slime (0/5) Lair:6
    Orc (0/2) D:11         Depths (0/4) D:15

Altars:
Ashenzari
Cheibriados
Dithmenos
Elyvilon
Fedhas
Gozag
Hepliaklqana
Kikubaaqudgha
Makhleb
Nemelex Xobeh
Okawaru
Qazlal
Ru
Sif Muna
Trog
Uskayaw
Vehumet
Wu Jian
Xom
Yredelemnul
Zin
The Shining One

Annotations:
D:15 Kirke
Lair:5 1 runed translucent door, SirDiesAlot's ghost, journeyman DEEE
Lair:6 3 runed translucent doors, Wiilli's ghost, journeyman SpVM


Innate Abilities, Weirdness & Mutations

Your dull iron-grey scales are very hard. (AC +13)
You are amphibious.
You cannot fit into any form of body armour.
You are cold-blooded and may be slowed by cold attacks.


Message History

The hog bites you. The hog barely misses you.
You turn to flesh and can move again.
The hog attacks as you move away! The hog bites you! The hog bites you.
The basilisk bites you!!
* * * LOW HITPOINT WARNING * * *
You block the hog's attack.
You hear some strange, mumbled words.
Something tries to affect you, but you resist.
The deep elf archer shoots an arrow.
The basilisk attacks as you move away! The basilisk closely misses you.
The hog bites you.
* * * LOW HITPOINT WARNING * * *
There is an open door, spattered with blood here.
The hog attacks as you move away! You block the hog's attack.
The hog closely misses you. The hog bites you.
* * * LOW HITPOINT WARNING * * *
You open the door. The hog misses you. The hog bites you.
* * * LOW HITPOINT WARNING * * *
You feel much better. You block the hog's attack. The hog bites you!
* * * LOW HITPOINT WARNING * * *
There is an open door, spattered with blood here.
The hog bites you!
* * * LOW HITPOINT WARNING * * *
Your magical effects are unravelling.
You feel magically purged.
You feel less porcine.
The +6 quarterstaff of Xesacw {freeze, rCorr Str+4 Int+5} unmelds from your body.
Your +2 cloak unmelds from your body.
Your +2 pair of boots unmelds from your body.
Your ring of magical power unmelds from your body.
Your +6 ring of intelligence unmelds from your body.
The +6 quarterstaff of Xesacw {freeze, rCorr Str+4 Int+5} glows with a cold blue light!
You feel your magic capacity increase.
You feel clever.
You feel yourself speed up. The hog bites you but does no damage.
The deep elf archer shoots an arrow.
The arrow hits you!!
You die...

###...........#,*
#.hh..........+,*
#.#.l.........#**
#.##.8.8.8.8.##
#..##.#...#.##
######..e##H....##
#.........##...##*
***#..#.#.....##'##.#
***
***<..,.._......@hH..#*
**,***
*,,.,.......#.......##
**,,,,**
,,,......#####.....##
**,,,,,,* ,,,......**
##....# **,,,,,,,**
,,,......,** ###..#*
*,,,,,,,,,*
,,,......,,** ##..*
*,,,,,,,,,*
,,,,,,,,,,,,*
##.#**,,,,,,,,,*
,,,,,,,,,,,,*
*#.**,,,,,,,,,,
*,,,,,,,,,,,*
**,**,,,,,,,,,


You could see a deep elf archer (repels missiles), a manticore (summoned) and a
hog.

Vanquished Creatures
  A yaktaur captain (D:11)
  6 hydras
  An ice dragon (D:11)
  A boulder beetle (D:11)
  3 catoblepae (Lair:6)
  5 death yaks (Lair:6)
  Amaemon (Lair:2)
  5 skeletal warriors (D:11)
  2 lindwurms
  A deep elf zephyrmancer (D:11)
  An ugly thing (D:12)
  A deep elf pyromancer (D:11)
  2 cyclopes
  2 manticores (Lair:6)
  A merfolk siren (Lair:2)
  14 elephants
  The ghost of Nato the Trooper, a novice MiFi of Okawaru (D:6)
  9 black mambas
  Joseph (D:7)
  An orange demon (Lair:2)
  15 cane toads
  3 rime drakes
  10 komodo dragons
  A troll (D:9)
  A meliai (D:11)
  A polar bear (Lair:3)
  2 hornets (Lair:2)
  17 blink frogs
  Sigmund (D:3)
  A vampire (D:11)
  A centaur simulacrum (D:11)
  2 wyverns
  50 yaks
  A hog (D:15)
  2 basilisks
  2 steam dragons (D:8)
  4 acid dragons
  15 water moccasins
  5 orc warriors
  An ice beast (D:7)
  7 black bears
  3 sky beasts
  5 centaurs
  A phantom (D:6)
  10 wolves
  2 kobold brigands
  13 bullfrogs
  4 necrophages
  2 gnoll sergeants
  6 wights (D:9)
  6 killer bees (D:9)
  2 electric eels (Lair:4)
  6 howler monkeys
  2 hounds
  A gnoll bouda (D:6)
  2 jellies
  7 orc priests
  8 orc wizards
  An iguana (D:5)
  7 hell rats (Lair:2)
  21 gnolls
  6 adders
  2 white imps
  3 ufetubi
  3 worms
  70 orcs
  8 ball pythons
  A bat (D:1)
  5 endoplasms
  5 giant cockroaches
  8 goblins
  A hobgoblin (D:4)
  9 jackals
  15 kobolds
  4 quokkas
  3 frilled lizards
  4 rats
457 creatures vanquished.

Vanquished Creatures (others)
  An orc wizard (D:9)
  59 fulminant prisms
  31 fungi
  103 plants
194 creatures vanquished.

Grand Total: 651 creatures vanquished

Notes
Turn   | Place    | Note
-------+----------+-------------------------------------------
     0 | D:1      | nickcage the Draconian Conjurer began the quest for the
                  | Orb.
     0 | D:1      | Reached XP level 1. HP: 14/14 MP: 3/3
   480 | D:1      | Reached XP level 2. HP: 20/20 MP: 1/5
   483 | D:1      | Learned a level 2 spell: Searing Ray
  1421 | D:2      | Reached skill level 5 in Conjurations
  1421 | D:2      | Reached XP level 3. HP: 20/26 MP: 1/6
  1989 | D:2      | Reached XP level 4. HP: 33/33 MP: 1/7
  1994 | D:2      | Learned a level 4 spell: Fulminant Prism
  2421 | D:3      | Noticed Sigmund
  2425 | D:3      | Killed Sigmund
  2426 | D:3      | Reached XP level 5. HP: 38/38 MP: 2/10
  2520 | D:3      | Reached XP level 6. HP: 36/45 MP: 3/11
  2927 | D:3      | Found a faded altar of an unknown god.
  2930 | D:3      | Found an ornate altar of the Wu Jian Council.
  2961 | D:3      | Found a faded altar of an unknown god.
  3440 | D:4      | Learned a level 4 spell: Iskenderun's Mystic Blast
  3700 | D:4      | Your scales start taking on a dull iron-grey colour.
  3700 | D:4      | Reached XP level 7. HP: 44/50 MP: 0/13
  3710 | D:4      | Reached skill level 1 in Translocations
  3959 | D:4      | Found a glowing golden altar of the Shining One.
  4269 | D:4      | Found a staircase to the Ecumenical Temple.
  4275 | Temple   | Entered the Ecumenical Temple
  4359 | Temple   | Became a worshipper of Vehumet
  4428 | D:4      | Reached skill level 1 in Hexes
  4535 | D:5      | Entered Level 5 of the Dungeon
  4895 | D:5      | Found a shimmering blue altar of Sif Muna.
  5008 | D:5      | Found a blossoming altar of Fedhas.
  5011 | D:5      | Found a white marble altar of Elyvilon.
  5014 | D:5      | Found a sparkling altar of Nemelex Xobeh.
  5102 | D:5      | Learned a level 3 spell: Ozocubu's Armour
  5816 | D:6      | Reached skill level 1 in Ice Magic
  6003 | D:6      | Reached XP level 8. HP: 57/57 MP: 8/14
  6106 | D:6      | Reached * piety under Vehumet
  6106 | D:6      | Offered knowledge of Freeze by Vehumet.
  6806 | D:6      | Found a runed translucent door.
  6808 | D:6      | Noticed Nato's ghost (novice MiFi)
  7443 | D:7      | Reached skill level 5 in Spellcasting
  7552 | D:7      | Found a hide-covered altar of Uskayaw.
  7807 | D:7      | Noticed Joseph
  7834 | D:7      | Killed Joseph
  7835 | D:7      | Reached XP level 9. HP: 24/62 MP: 3/17
  8186 | D:7      | Offered knowledge of Static Discharge by Vehumet.
  8187 | D:7      | Reached skill level 10 in Conjurations
  8353 | D:7      | Reached ** piety under Vehumet
  9826 | D:8      | Reached skill level 5 in Ice Magic
 10231 | D:9      | Noticed a troll
 10238 | D:9      | Killed a troll
 10239 | D:9      | Reached XP level 10. HP: 69/69 MP: 6/20
 10531 | D:9      | Found a sacrificial altar of Ru.
 10769 | D:9      | Offered knowledge of Frozen Ramparts by Vehumet.
 11118 | D:8      | Learned a level 3 spell: Frozen Ramparts
 11458 | D:9      | Reached *** piety under Vehumet
 11937 | D:10     | Entered Level 10 of the Dungeon
 11938 | D:10     | Found a burning altar of Makhleb.
 12180 | D:10     | Offered knowledge of Sticky Flame by Vehumet.
 12189 | D:10     | Learned a level 7 spell: Ozocubu's Refrigeration
 12257 | D:10     | Found an ancient bone altar of Kikubaaqudgha.
 12373 | D:10     | Found a staircase to the Lair.
 12879 | Lair:1   | Entered Level 1 of the Lair of Beasts
 13068 | Lair:1   | Noticed a five-headed hydra
 13077 | Lair:1   | Killed a five-headed hydra
 13078 | Lair:1   | Reached XP level 11. HP: 74/74 MP: 6/23
 13511 | Lair:1   | Identified the +7 war axe of Qicho {antimagic, rElec Str+3}
 14178 | Lair:2   | Noticed Amaemon
 14252 | Lair:2   | Reached **** piety under Vehumet
 14376 | Lair:2   | Offered knowledge of Conjure Flame by Vehumet.
 14921 | Lair:2   | Found a staircase to the Shoals.
 15268 | Lair:2   | Killed Amaemon
 15669 | Lair:2   | Noticed an eight-headed hydra
 15679 | Lair:2   | Killed a nine-headed hydra
 15784 | Lair:2   | Reached skill level 10 in Ice Magic
 15796 | Lair:2   | Reached XP level 12. HP: 73/81 MP: 9/25
 17112 | Lair:3   | Upgraded the game from 0.29-a0-838-g385bb11a5b to
                  | 0.29-a0-841-g116ddc6ace
 17411 | Lair:3   | Reached ***** piety under Vehumet
 17411 | Lair:3   | Offered knowledge of Conjure Ball Lightning by Vehumet.
 17628 | Lair:3   | Noticed an eight-headed hydra
 17636 | Lair:3   | Killed an eight-headed hydra
 18184 | Lair:4   | Noticed a six-headed hydra
 18729 | Lair:4   | Reached skill level 10 in Spellcasting
 19524 | Lair:4   | Reached XP level 13. HP: 59/86 MP: 16/27
 19745 | Lair:4   | Found a staircase to the Snake Pit.
 20660 | Lair:5   | Found a runed translucent door.
 20665 | Lair:5   | Noticed SirDiesAlot's ghost (journeyman DEEE)
 21209 | Lair:6   | Entered Level 6 of the Lair of Beasts
 22312 | Lair:6   | Found a staircase to the Slime Pits.
 22362 | Lair:6   | Found a runed translucent gate.
 22362 | Lair:6   | Found a runed translucent gate.
 22362 | Lair:6   | Found a runed translucent gate.
 22362 | Lair:6   | Noticed Wiilli's ghost (journeyman SpVM)
 22426 | Lair:6   | Reached skill level 5 in Hexes
 23274 | Lair:6   | Identified the +11 sling of the Spinneret {vorpal, Str+4
                  | Dex+3 Stlth-}
 24343 | D:6      | Killed Nato's ghost
 24344 | D:6      | Reached XP level 14. HP: 93/93 MP: 30/30
 24466 | D:11     | Learned a level 9 spell: Polar Vortex
 24659 | D:11     | Found a staircase to the Orcish Mines.
 25353 | D:11     | Identified the +6 quarterstaff of Xesacw {freeze, rCorr
                  | Str+4 Int+5}
 25539 | D:11     | Found a runed translucent door.
 25758 | D:11     | Reached skill level 5 in Translocations
 26389 | D:12     | Reached skill level 1 in Fighting
 26456 | D:12     | You fall into a shaft and drop 3 floors!
 26456 | D:15     | Entered Level 15 of the Dungeon
 26477 | D:15     | Found a sparkling altar of Nemelex Xobeh.
 26481 | D:15     | Noticed Kirke
 26509 | D:15     | Shot with an arrow by a deep elf archer

Illustrated notes

Levels and vault maps discovered:
D:1:      scummos_arrival_hexagon, layout_basic
D:2:      layout_loops_corners, chequers_serial_rivers_micro_a,
          kennysheep_generic_room_2
D:3:      layout_basic, nicolae_overflow_ecumenical_swirl,
          ebering_ecumenical_altar_sacrificial, kennysheep_small_spiral,
          minivault_14, uniq_sigmund
D:4:      layout_layer_cave, mainiacjoe_overflow_brackets,
          minmay_temple_entry_hall
D:5:      layout_basic, mainiacjoe_overflow_surrounded_room, minitemple
D:6:      layout_basic, ebering_ghost_sewer_d
D:7:      layout_basic, serial_park_tiny_pond, minmay_ruined_shrine, uniq_joseph
D:8:      layout_loops_ring
D:9:      layout_basic, nicolae_ru_awakened_eye
D:10:     layout_cave_pools, bloody_makhleb, mainiacjoe_overflow_boulevard,
          david_lair_shrubbed, minivault_19, chequers_serial_rivers_room_a,
          nicolae_concentric_dashed_squares_wild
D:11:     layout_loops_ring, hiddenorc2_lemuel, minivault_13
D:12:     layout_grid_maze, st_stairs_2, nicolae_straight_to_the_point
D:15:     gammafunk_depths_entry_grave, layout_cave_pods, dk_noncrumbling_3,
          hangedman_feature_mirror, uniq_jorgrun, uniq_kirke
Temple:   nicolae_temple_bog_church
Lair:1:   layout_hall_layers
Lair:2:   cheibrodos_lair_overgrown_chateau, layout_chaotic_city,
          minmay_shoals_entry_lonely_mermaid, uniq_amaemon
Lair:3:   layout_roguey, beast_lair_carwin_5
Lair:4:   layout_gridlike, dummy_snake_entry, serial_bayou_shore_a
Lair:5:   layout_misc_corridors, enter_volcano_2, ebering_ghost_reflecting_pool,
          wad_woods_road_03, grunt_megastairs_3, infiniplex_staircase_pool
Lair:6:   evilmike_catoblepas_cave, layout_regular_city, slime_entry_1,
          gammafunk_ghost_necromancy

Skill      XL: |  1  2  3  4  5  6  7  8  9 10 11 12 13 14 |
---------------+-------------------------------------------+-----
Conjurations   | 5 6 7 8 9 11 12 13 14 | 14.8
Spellcasting   | 3 4 5 7 8 9 10 12 | 12.6
Translocations | 2 4 5 |  5.0
Hexes          | 2 3 4 5 |  5.0
Ice Magic      | 1 3 5 6 10 12 13 14 | 14.4
Fighting       | 1 |  1.1
Dodging        | |  1.7
Stealth        | |  1.7

Action                   |  1- 3 |  4- 6 |  7- 9 | 10-12 | 13-15 || total
-------------------------+-------+-------+-------+-------+-------++-------
Melee: Staff             |    36 |       |       |       |       ||    36
       Tailslap          |     2 |     1 |     7 |     6 |    10 ||    26
       Halberd           |       |     9 |       |       |       ||     9
       Rapier            |       |     3 |    28 |       |       ||    31
       Long sword        |       |       |       |    38 |    32 ||    70
       Punch             |       |       |       |     1 |       ||     1
       Quarterstaff      |       |       |       |       |    13 ||    13
 Cast: Magic Dart        |    67 |    55 |   124 |   144 |    22 ||   412
       Searing Ray       |       |     7 |    57 |   119 |    47 ||   230
       Fulminant Prism   |       |       |     6 |    44 |     9 ||    59
       Ozocubu's Armour  |       |       |     5 |    33 |    13 ||    51
       Frozen Ramparts   |       |       |       |    22 |    11 ||    33
       Iskenderun's Myst |       |       |       |     4 |     7 ||    11
       Ozocubu's Refrige |       |       |       |       |    77 ||    77
  Use: Scroll            |       |       |    25 |     8 |     5 ||    38
       Potion            |       |       |       |     3 |     2 ||     5
 Stab: Distracted        |       |       |       |       |     1 ||     1
Armor: Skin              |     7 |     2 |    52 |   111 |    78 ||   250
Dodge: Dodged            |    22 |     6 |    72 |   183 |    80 ||   363
Block: Other             |     4 |     2 |    36 |    53 |    34 ||   129
       Reflection        |       |       |     2 |     3 |       ||     5

Table legend: (Time is in decaauts)
 A = Elapsed time spent in this place.
 B = Non-inter-level travel time spent in this place.
 C = Inter-level travel time spent in this place.
 D = Time resting spent in this place.
 E = Time spent auto-exploring this place.
 F = Levels seen in this place.
 G = Mean time per level.
                   A        B        C        D        E       F      G
               +--------+--------+--------+--------+--------+-----+--------+
         Total |  26565 |  25915 |    650 |   7193 |  14498 |  20 | 1328.2 |
       Dungeon |  15056 |  14659 |    397 |   2764 |   9931 |  13 | 1158.2 |
        Temple |    133 |    121 |     12 |      0 |    103 |   1 |  133.0 |
          Lair |  11375 |  11135 |    240 |   4429 |   4464 |   6 | 1895.8 |
               +--------+--------+--------+--------+--------+-----+--------+

Top non-repeatable levels by time:
  Lair:2: 2738 daAuts
  Lair:6: 2719 daAuts
     D:6: 1918 daAuts
  Lair:3: 1910 daAuts
    D:11: 1833 daAuts
     D:9: 1704 daAuts
     D:8: 1521 daAuts
  Lair:5: 1507 daAuts
     D:7: 1499 daAuts
  Lair:4: 1294 daAuts
     D:2: 1228 daAuts
  Lair:1: 1205 daAuts
     D:1: 1166 daAuts
     D:4: 1019 daAuts
     D:3: 1000 daAuts
